Unix xNetHack Version 8.0.0 - last build Mar 23 2024 02:42:02 (1964348d4f5f1cf1067ea9968e02252fcc83c468). Game began 2024-03-23 17:02:42, ended 2024-03-24 11:30:21. Catomat, neutral male human Wizard --- --.-- .....| -.....--. --......... --- |........... |.------- -............| |.. --..#-...-- . ..............| --.- --.........----.| .............--# |..| |...........--..| ..........^..[ *|.[--- .##.--...........- ...........-- #-...---.|.. |.|--...|......--- ........--- #-......-# |.| --.---.......| ......--- -##.###..--- |.| --- --..###.### ........ ..--.|-.....--- --.| ---- |1.|--- ..|.--- -....|..---..|.- |.|..| --..|... -|.| |--..|.-- --....| |.|.-- ----....+- |.| |....|.| |[..-----.|.---- |..".aaa-- |)-- --...--.| *#-............(| |.....@.| |<.| |.......| # |...----......| --.....-- |0.| --.------ |..-- |..--.-- ---.--- ---- --- ---- ------- --- Catomat the Thaumaturge St:5 Dx:14 Co:16 In:18 Wi:13 Ch:10 Neutral S:6252 Dlvl:8 $:0 HP:0(64) Pw:62(88) AC:6 Xp:8/1357 T:7601 Latest messages: What do you want to remove? [fTW or ?*] You were wearing an uncursed blindfold {2}. You can see again. You see here a spellbook of confuse monster. You stumble into a spider web! You are stuck to the web. You are stuck to the web. You are stuck to the web. You are stuck to the web. What do you want to wear? [*] You are now wearing a blindfold. You can't see any more. Please move the cursor to an unknown object. (For instructions type a '?') Done. You are stuck to the web. You disentangle yourself. The soldier ant bites! The soldier ant stings! You descend the stairs. What do you want to remove? [fTW or ?*] You were wearing an uncursed blindfold {2}. You can see again. In what direction? The spell misses the giant spider. In what direction? The spell hits the giant spider! The giant spider bites! In what direction? The sleep ray hits the giant spider. You kill the giant spider! There is a staircase up to level 8 here. You see here a giant spider corpse. There is a giant spider corpse here; eat it? [ynq] (n) Ecch - that must have been poisonous! You finish eating the giant spider corpse. You climb up the stairs. The soldier ant bites! The soldier ant misses! The soldier ant bites! The soldier ant stings! The soldier ant bites! The soldier ant stings! The soldier ant bites! The soldier ant stings! The soldier ant bites! The soldier ant stings! You die... Do you want your possessions identified? [ynq] (y) Do you want to see your attributes? [ynq] (y) Inventory: Inventory: 574/575 weight (19/52 slots) Weapons Q - 3 +0 daggers (at the ready) {30} d - a +0 elven dagger (weapon in hand) {10} Armor G - an uncursed +0 copper helmet (being worn) {24} u - an uncursed +0 pair of dwarvish boots (being worn) {38} I - a cursed +0 cloak of magic resistance (being worn) {8} Comestibles y - an uncursed apple {2} z - 3 uncursed food rations {60} Scrolls c - an uncursed scroll of charging {5} e - an uncursed scroll of remove curse {5} Rings f - an uncursed ring of free action (on right hand) {3} F - an uncursed ring of levitation {3} W - an uncursed ring of warning (on left hand) {3} Wands Y - a wand of striking (0:6) {7} Z - a wand of striking (0:3) {7} Tools b - an uncursed bag of holding containing 33 items {234} T - an uncursed blindfold {2} l - an uncursed magic lamp (lit) {20} a - a +0 silver pick-axe {112} k - an uncursed wooden skeleton key {1} Contents of the bag of holding: 394 gold pieces 4 uncursed food rations an uncursed scroll of confuse monster an uncursed scroll of create monster an uncursed scroll of destroy armor a blessed scroll of earth 2 uncursed scrolls of earth an uncursed scroll of enchant armor an uncursed scroll of enchant weapon 2 uncursed scrolls of identify a blessed scroll of magic mapping an uncursed scroll of magic mapping 3 uncursed scrolls of remove curse a blessed scroll of teleportation 2 uncursed scrolls of teleportation an uncursed scroll of water a blessed potion of confusion a blessed potion of sickness an uncursed potion of sickness an uncursed potion of sleeping an uncursed potion of water an uncursed -1 ring of increase damage an uncursed ring of poison resistance an uncursed ring of protection from shape changers an uncursed ring of see invisible a wand of magic missile (0:7) a wand of make invisible (0:5) a wand of polymorph (0:4) a wand of slow monster (0:6) a cursed wand of slow monster (0:4) a wand of teleportation (0:7) a +0 pick-axe 2 uncursed tallow candles Catomat the Wizard's attributes: Background: You were a Thaumaturge, a level 8 male human Wizard. You were neutral, on a mission for Thoth who was opposed by Ptah (lawful) and Anhur (chaotic). You started out female. You were heterosexual. You were in the Gnomish Mines, on level 8. You entered the dungeon 7601 turns ago. There was a full moon in effect when your adventure ended. You had 1357 experience points, 1203 more were needed to attain level 9. Your score was 6252 before end-of-game adjustments. Basics: You had 0 out of 64 hit points. You had 62 out of 88 energy points (spell power). Your armor class was 6. Your wallet was empty, but you had 394 zorkmids stashed away in your pack. Autopickup was on for '$"?!=/' plus thrown. Final Characteristics: Your strength was 5 (peak:10, limit:18/100). Your dexterity was 14 (limit:18). Your constitution was 16 (limit:18). Your intelligence was 18 (limit:18). Your wisdom was 13 (limit:18). Your charisma was 10 (limit:18). Final Status: You were not hungry. You were unencumbered. You were wielding a dagger. You had basic skill with dagger. Final Attributes: You were piously aligned. You were magic-protected. You were telepathic. You were warned. You were warded. You had free action. You were lucky. You are dead. Miscellaneous: You encountered 1 bones level. Total elapsed playing time was 3 hours, 3 minutes and 25 seconds. Major events: Turn 1: Catomat the neutral female human Wizard entered the dungeon 267: attained the rank of Conjurer (level 3) 739: entered the Gnomish Mines 1451: destroyed Catomat's ghost, the former Conjurer 2708: attained the rank of Thaumaturge (level 6) 5473: entered Sokoban 5936: completed 1st Sokoban level 7601: killed by a soldier ant Vanquished creatures: a watch captain 3 small mimics a quivering blob 2 giant spiders a snake a ghost a soldier ant 2 rock piercers a pony a fog cloud 4 gnome leaders 2 gnomish wizards a gray ooze 2 giant ants 3 floating eyes a kitten 10 dwarves 3 hill orcs 4 rothes a rabid rat a giant bat a wererat 6 iguanas an acid blob a coyote a gas spore 2 hobbits 2 manes a large kobold 2 hobgoblins a green mold 4 red molds 39 gnomes 3 geckos 4 jackals 2 foxes 2 kobolds 4 goblins 3 sewer rats 5 grid bugs 4 lichens 4 kobold zombies 8 newts 146 creatures vanquished. No species were genocided or became extinct. Voluntary challenges: You read items or engraved 22 times. You never genocided any monsters. You never polymorphed an object. You never changed form. You never touched an artifact. You used no wishes. You were celibate. You never generated conflict. You did not violate any of the special Sokoban rules. Achievements: You attained the rank of Conjurer. You entered the Gnomish Mines. You entered a shop. You attained the rank of Thaumaturge. You entered a temple. You entered Sokoban. Dungeon overview: The Dungeons of Doom: levels 1 to 8 Level 1: Some fountains. Level 2: "tmp stash books" A fountain. Level 3: A general store, some fountains. Stairs down to The Gnomish Mines. Level 4: Final resting place for Catomat-Wiz-Hum-Fem-Neu, poisoned by a rotted jackal corpse, while praying. Level 5: A fountain. Level 6: Many fountains. Oracle of Delphi. Level 7: "vault" Stairs up to Sokoban, level 6. Level 8: The Gnomish Mines: levels 4 to 9 Level 4: Level 5: Level 6: Level 7: Many shops, a temple, some fountains. Level 8: <- You were here. Final resting place for you, killed by a soldier ant. Level 9: Sokoban: levels 6 up to 5 Level 5: Unsolved. Level 6: Solved. Game over: __________ / \ / REST \ / IN \ / PEACE \ / \ | Catomat | | 394 Au | | killed by a | | soldier ant | | | | | | 2024 | *| * * * | * _________)/\\_//(\/(/\)/\//\/|_)_______ Goodbye Catomat the Wizard... You died in The Gnomish Mines on dungeon level 8 with 6213 points, and 394 pieces of gold, after 7601 moves. You were level 8 with a maximum of 64 hit points when you died.